 Dungeon Crawl Stone Soup version 0.29.1-1-gd02db6906a (webtiles) character file.

Game seed: 5609602448420057159

583 EvilAshe the Slasher (level 7, 0/52 (55) HPs)
             Began as a Human Fighter on Sept 26, 2022.
             Was an Initiate of Okawaru.
             Slain by a gnoll
             ... wielding a +0 spear of pain
             ... led by a gnoll bouda
              (1 damage)
             ... on level 6 of the Dungeon.
             The game lasted 00:12:52 (6678 turns).

EvilAshe the Slasher (Human Fighter)                Turns: 6678, Time: 00:12:53

HP:   0/52 (55)     AC: 10    Str: 18    XL:     7   Next: 64%
MP:   7/7           EV:  7    Int:  9    God:    Okawaru [......]
Gold: 161           SH:  4    Dex: 12    Spells: 6/6 levels left

rFire   . . .      SeeInvis .   a - +0 long sword
rCold   . . .      Faith    .   c - +0 buckler
rNeg    . . .      Spirit   .   n - +0 chain mail
rPois   .          Reflect  .   i - +0 helmet
rElec   .          Harm     .   (no cloak)
rCorr   .          Rampage  .   (no gloves)
Will    .....                   (no boots)
Stlth   ..........              (no amulet)
HPRegen 0.17/turn               (no ring)
MPRegen 0.10/turn               (no ring)

@: drained
A: no striking features
a: Renounce Religion


You were on level 6 of the Dungeon.
You worshipped Okawaru.
Okawaru was noncommittal.
You visited 1 branch of the dungeon, and saw 6 of its levels.

You collected 161 gold pieces.

Inventory:

Hand Weapons
 a - a +0 long sword (weapon)
Armour
 c - a +0 buckler (worn)
 d - a +3 ring mail of cold resistance
 i - a +0 helmet (worn)
 n - a +0 chain mail (worn)
Jewellery
 l - a +4 ring of protection
Scrolls
 b - a scroll of blinking
 e - 2 scrolls of identify
 j - a scroll of teleportation {unknown}
 m - a scroll of immolation {unknown}
 o - a scroll of silence {unknown}
 p - a scroll of noise {unknown}
 q - a scroll of enchant armour {unknown}
Potions
 g - a potion of might
 h - a potion of mutation
 k - 3 potions of attraction
 r - a potion of lignification


   Skills:
 + Level 4.8 Fighting
 * Level 5.7 Long Blades
 + Level 4.8 Armour
 - Level 3.0 Shields


You had 6 spell levels left.
You didn't know any spells.
Your spell library contained the following spells:

 Spells                   Type           Power      Damage    Failure   Level
 Storm Form               Tmut/Air       0%         N/A       100%        7
 Maxwell's Capacitive Co  Air            0%         ∞         100%        8
 Summon Lightning Spire   Summ/Air       Unusable   N/A       N/A         4

Dungeon Overview and Level Annotations

Branches:
Dungeon (6/15)
 Temple: D:4-7

Altars:
Okawaru

Shops:
D:5 ([


Message History

Your attacks no longer feel as feeble.
You block the gnoll's attack.
You completely miss the gnoll.
The gnoll is severely wounded.
The gnoll hits you with a +0 whip.
You slash the gnoll!
You kill the gnoll!
Okawaru accepts your kill.
You hit the gnoll.
The gnoll is heavily wounded.
The gnoll hits you but does no damage.
You closely miss the gnoll.
The gnoll is heavily wounded.
The gnoll closely misses you. The gnoll hits you but does no damage.
You hit the gnoll.
The gnoll is severely wounded.
The gnoll hits you from afar with a +0 spear of pain.
The gnoll hits you with a +0 whip of pain.
* * * LOW HITPOINT WARNING * * *
You closely miss the gnoll.
The gnoll is severely wounded.
The gnoll barely misses you. The gnoll hits you but does no damage.
You writhe in agony.
* * * LOW HITPOINT WARNING * * *
You barely miss the gnoll.
The gnoll is severely wounded.
The gnoll hits you from afar with a +0 spear of pain.
* * * LOW HITPOINT WARNING * * *
You writhe in agony.
* * * LOW HITPOINT WARNING * * *
The gnoll hits you but does no damage.
The gnoll hits you from afar with a +0 spear of pain!
* * * LOW HITPOINT WARNING * * *
The gnoll barely misses you.
You closely miss the gnoll.
The gnoll is severely wounded.
The gnoll hits you from afar with a +0 spear of pain.
* * * LOW HITPOINT WARNING * * *
You writhe in agony.
You die...

#.....# # ####..##.#
.######..##.##.
...............
.######g###.### #.# #.#
#.# #.# ###
######.###.#######.....
.............gg@......#
.......####.#########...
....... #... .......
#..... #####.. ...!....
#.. ..###### ... ...#
...#


You could see 2 gnolls.

Vanquished Creatures
  A phantom (D:4)
  A scorpion (D:3)
  A jelly (D:4)
  A gnoll bouda (D:6)
  2 hounds
  2 orc priests (D:3)
  An iguana (D:4)
  Terence (D:2)
  3 orc wizards
  2 gnolls (D:6)
  3 adders
  2 worms (D:2)
  2 dart slugs (D:2)
  18 orcs
  12 endoplasms
  2 giant cockroaches
  7 goblins
  A hobgoblin (D:3)
  2 quokkas
  6 ball pythons
  4 bats
  7 frilled lizards
  7 kobolds
  5 rats
93 creatures vanquished.

Vanquished Creatures (others)
  9 fungi (D:3)
  5 plants (D:3)
14 creatures vanquished.

Grand Total: 107 creatures vanquished

Notes
Turn   | Place    | Note
-------+----------+-------------------------------------------
     0 | D:1      | EvilAshe the Human Fighter began the quest for the Orb.
     0 | D:1      | Reached XP level 1. HP: 18/18 MP: 1/1
   332 | D:1      | Reached XP level 2. HP: 24/24 MP: 2/2
  1214 | D:2      | Reached XP level 3. HP: 29/29 MP: 3/3
  1470 | D:2      | Reached skill level 3 in Long Blades
  1499 | D:2      | Noticed Terence
  1818 | D:2      | Reached XP level 4. HP: 35/35 MP: 4/4
  2510 | D:2      | Killed Terence
  2848 | D:2      | Reached XP level 5. HP: 37/41 MP: 5/5
  2953 | D:2      | HP: 1/41 [orc wizard/magic dart (4)]
  3567 | D:3      | Reached skill level 4 in Long Blades
  3589 | D:3      | Found a faded altar of an unknown god.
  3801 | D:3      | Reached XP level 6. HP: 24/48 MP: 6/6
  5510 | D:4      | Reached skill level 5 in Long Blades
  5510 | D:4      | Reached XP level 7. HP: 25/44 MP: 7/7
  5759 | D:5      | Entered Level 5 of the Dungeon
  6365 | D:5      | Found an iron altar of Okawaru.
  6368 | D:5      | Became a worshipper of Warmaster Okawaru
  6430 | D:5      | Found Hohuat's Antique Weapon Boutique.
  6487 | D:5      | Found Zozoc's Antique Armour Shoppe.
  6678 | D:6      | HP: 1/52 [gnoll/+0 spear of pain[a gnoll bouda] (3)]
  6678 | D:6      | Slain by a gnoll

Illustrated notes

Levels and vault maps discovered:
D:1:      denvon_arrival_planthouse, layout_loops_corners, serial_forest,
          infiniplex_forest_straight_1, infiniplex_forest_clump_long,
          infiniplex_forest_corner_1, infiniplex_forest_clump_tiny,
          infiniplex_forest_straight_2, infiniplex_forest_join,
          infiniplex_forest_diagonal, infiniplex_forest_lined_1
D:2:      layout_loops_cross, minivault_27, uniq_terence
D:3:      minmay_inner_zag, layout_rooms,
          shapermc_ecumenical_altar_mp_urbaneastern,
          amcnicky_mini_rare_corridor_liquid, hangedman_decor_push,
          minmay_door_square
D:4:      layout_rooms, serial_bayou_ford_a
D:5:      layout_basic, kennysheep_mini_moat, serial_shops, shop, shop_coins,
          nicolae_shop_trees, shop, nicolae_shop_advertising_works
          [nicolae_subvault_shop_adworks], sigmund_army
D:6:      layout_basic, minmay_temple_entry_from_below_b,
          corexii_item_surrounded_by_moat

Skill      XL: |  1  2  3  4  5  6 |
---------------+-------------------+-----
Long Blades    | 3 4 5 |  5.7
Fighting       | 4 |  4.8
Armour         | 4 |  4.8
Shields        | |  3.0

Action                   |  1- 3 |  4- 6 |  7- 9 || total
-------------------------+-------+-------+-------++-------
Melee: Long sword        |   102 |   205 |    77 ||   384
Throw: Stone             |     3 |    20 |       ||    23
  Use: Potion            |       |     5 |     1 ||     6
       Scroll            |       |     3 |     1 ||     4
Armor: Scale mail        |   104 |     1 |       ||   105
       Chain mail        |       |   102 |    33 ||   135
Dodge: Dodged            |    89 |    60 |    22 ||   171
Block: Buckler           |    41 |    44 |     9 ||    94
